 Dungeon Crawl Stone Soup version 0.27.1-34-g3ba077fa99 (webtiles) character file.

Game seed: 11703591455454264707

835 unlimited1921 the Bolt Thrower (level 7, -16/61 HPs)
             Began as a Minotaur Hunter on Jan 13, 2022.
             Was an Initiate of Gozag.
             Splashed by Ijyb's acid (18 damage)
             ... on level 5 of the Dungeon.
             The game lasted 00:29:04 (5852 turns).

unlimited1921 the Bolt Thrower (Minotaur Hunter)    Turns: 5852, Time: 00:29:11

Health: -16/61     AC: 10    Str: 19    XL:     7   Next: 66%
Magic:  0/6        EV:  9    Int:  8    God:    Gozag
Gold:   255        SH:  0    Dex: 16    Spells: 6/6 levels left

rFire    . . .     SeeInvis .   a - +2 hand crossbow
rCold    . . .     Faith    .   (no shield)
rNeg     . . .     Spirit   +   v - +0 chain mail
rPois    .         Reflect  .   (helmet restricted)
rElec    .         Harm     .   (no cloak)
rCorr    .         Rampage  .   (no gloves)
Will     .....                  t - +0 pair of boots
Stlth    ..........             s - amulet of guardian spirit
HPRegen  0.20/turn              j - +6 ring of dexterity
MPRegen  0.10/turn              (no ring)

@: no status effects
A: horns 2, retaliatory headbutt
a: Renounce Religion, Potion Petition, Call Merchant, Bribe Branch


You were on level 5 of the Dungeon.
You worshipped Gozag.
Gozag was aware of your devotion.
You visited 2 branches of the dungeon, and saw 6 of its levels.

You collected 389 gold pieces.
You spent 42 gold pieces at shops.
You paid 92 gold pieces to Gozag.

Inventory:

Hand Weapons
 a - a +2 hand crossbow (weapon)
 b - a +0 short sword
 i - a +0 hunting sling
 m - a +0 halberd
 w - a +0 mace
 x - a +0 falchion
 y - a +0 hand axe
Missiles
 d - 17 bolts (quivered ammo)
 h - 87 arrows
 o - 83 stones
 p - 13 sling bullets
 A - 3 poisoned darts (quivered)
Armour
 l - a +0 scale mail
 q - a +2 leather armour of fire resistance
 t - a +0 pair of boots (worn)
 u - the +1 leather armour of the Nexus {rC+}
   (You found it on level 5 of the Dungeon)

   rC:        It protects you from cold.
 v - a +0 chain mail (worn)
Jewellery
 j - a +6 ring of dexterity (left hand)
 s - an amulet of guardian spirit (around neck)
 C - an amulet of magic regeneration
Scrolls
 e - 2 scrolls of amnesia
 f - 3 scrolls of teleportation
 n - a scroll of fog
 D - a scroll of enchant armour
Potions
 c - a potion of cancellation {unknown}
 g - a potion of might {unknown}
 k - 2 potions of curing
 r - a potion of haste {unknown}
 z - a potion of flight {unknown}
 B - a potion of mutation {unknown}


   Skills:
 * Level 5.0 Fighting
 + Level 2.1 Axes
 + Level 0.9(2.2) Slings
 + Level 6.5 Crossbows
 * Level 2.9(3.0) Throwing
 * Level 4.4 Armour
 * Level 4.0 Dodging
 + Level 1.0 Stealth


You had 6 spell levels left.
You didn't know any spells.
Your spell library contained the following spells:

 Spells                   Type           Power      Damage    Failure   Level
 Magic Dart               Conj           0%         1d3       99%         1
 Passwall                 Tmut/Erth      0%         N/A       100%        2
 Searing Ray              Conj           0%         3d3       100%        2
 Dazzling Flash           Conj/Hex       0%         N/A       100%        3
 Swiftness                Air            0%         N/A       100%        3
 Fulminant Prism          Conj/Hex       0%         3d6       100%        4
 Iskenderun's Mystic Bla  Conj/Tloc      0%         2d3       100%        4
 Invisibility             Hex            0%         N/A       100%        6
 Starburst                Conj/Fire      0%         6d3       100%        6


Dungeon Overview and Level Annotations

Branches:
Dungeon (5/15)             Temple (1/1) D:5

Altars:
Ashenzari
Cheibriados
Dithmenos
Elyvilon
Fedhas
Gozag
Kikubaaqudgha
Makhleb
Nemelex Xobeh
Okawaru
Ru
Sif Muna
Vehumet
Wu Jian
Zin

Shops:
D:1 !(?

Annotations:
D:2 1 runed translucent door, Crazy Yiuf
D:5 Ijyb


Innate Abilities, Weirdness & Mutations

You have a pair of horns on your head.
You reflexively headbutt those who attack you in melee.


Message History

d - 16 bolts (gained 1)
You see here a +0 giant spiked club.
You now have 247 gold pieces (gained 11).
You see here a +0 giant spiked club.
d - 17 bolts (gained 1)
d - 18 bolts (gained 1)
d - 19 bolts (gained 1)
d - 20 bolts (gained 1)
d - 21 bolts (gained 1)
Found a lumpy copper amulet.
The jelly quivers.
You shoot a bolt. The bolt barely misses the jelly.
You shoot a bolt. The bolt hits the jelly!
The jelly is severely wounded.
You shoot a bolt. The bolt hits the jelly!
You kill the jelly!
C - an amulet of magic regeneration
There are no items here.
You now have 255 gold pieces (gained 8).
d - 19 bolts (gained 1)
d - 20 bolts (gained 1)
d - 21 bolts (gained 1)
Found a scroll of teleportation.
Ijyb the Twisted Goblin comes into view.
She is wielding a +0 club and carrying a wand of acid (9).
Found a cloak.
Ijyb shouts!
You shoot a bolt. The bolt barely misses Ijyb.
You shoot a bolt. The bolt completely misses Ijyb.
Ijyb zaps a wand.
The bolt of acid hits you!
You are splashed with acid!
You shoot a bolt. The bolt hits Ijyb.
Ijyb is moderately wounded.
You shoot a bolt. The bolt closely misses Ijyb.
Ijyb screams, "I cut your head off!"
Ijyb zaps a wand.
The bolt of acid hits you!
You are splashed with acid!
* * * LOW HITPOINT WARNING * * *
Ijyb zaps a wand.
The bolt of acid hits you!
* * * LOW HITPOINT WARNING * * *
You are splashed with acid!!
You die...
Your body crumbles into a pile of gold.

.##....((.... ##... ...(........
#.... #...?(....[. #....
......... #.... ..g.... #....
....### ##... #.....####### #...
...# #...........#####..
...##########.@####............
###.... ..........#........##....
..#...###....###............####.
..#..#...#..#...#...........## ##
..#..#.⌠.#..#.⌠.#............# #
..#..#...#≈≈#...#.<..........#
.....≈###≈≈≈≈###≈..........###
####..≈≈≈≈≈≈≈≈≈≈..........##
#..≈≈≈≈≈≈≈≈≈≈..#.....###


You could see Ijyb.

Vanquished Creatures
  A sky beast (D:5)
  A necrophage (D:5)
  An ice beast (D:5)
  An ogre (D:5)
  A centaur (D:5)
  A howler monkey (D:5)
  2 orc priests
  A jelly (D:5)
  An iguana (D:4)
  2 orc wizards
  A hound skeleton (D:4)
  4 gnolls (D:4)
  6 adders
  A white imp (D:5)
  2 worms
  3 dart slugs
  15 orcs
  4 endoplasms
  5 giant cockroaches
  6 goblins
  3 hobgoblins
  2 quokkas
  6 ball pythons
  6 bats
  2 frilled lizards
  7 kobolds
  A rat (D:3)
86 creatures vanquished.

Notes
Turn   | Place    | Note
-------+----------+-------------------------------------------
     0 | D:1      | unlimited1921 the Minotaur Hunter began the quest for the
                  | Orb.
     0 | D:1      | Reached XP level 1. HP: 18/18 MP: 0/0
   145 | D:1      | Found Uvoemmul's Antique Weapon Boutique.
   386 | D:1      | Found Dowymios's Distillery.
   389 | D:1      | Bought a potion of curing for 42 gold pieces
   525 | D:1      | Found Zasod's Magic Scroll Shoppe.
   743 | D:2      | Reached XP level 2. HP: 25/25 MP: 1/1
   902 | D:2      | Reached skill level 5 in Crossbows
  1076 | D:2      | Found a runed translucent door.
  1077 | D:2      | Noticed Crazy Yiuf
  1163 | D:2      | Reached XP level 3. HP: 31/31 MP: 2/2
  1627 | D:3      | Found a white marble altar of Elyvilon.
  1628 | D:3      | Found an iron altar of Okawaru.
  1970 | D:3      | Reached XP level 4. HP: 38/38 MP: 3/3
  2908 | D:3      | Reached skill level 1 in Throwing
  2908 | D:3      | Reached skill level 1 in Armour
  2908 | D:3      | Reached XP level 5. HP: 46/46 MP: 4/4
  3693 | D:4      | Reached XP level 6. HP: 45/53 MP: 5/5
  4274 | D:5      | Entered Level 5 of the Dungeon
  4274 | D:5      | Noticed a sky beast
  4610 | D:5      | Found an ancient bone altar of Kikubaaqudgha.
  4622 | D:5      | Reached skill level 6 in Crossbows
  4676 | D:5      | Found a staircase to the Ecumenical Temple.
  4685 | D:5      | Reached skill level 1 in Axes
  4815 | D:5      | Identified the +1 leather armour of the Nexus {rC+}
  4836 | Temple   | Entered the Ecumenical Temple
  4871 | Temple   | Became a worshipper of Gozag Ym Sagoz the Greedy
  5072 | D:5      | Found a radiant altar of Vehumet.
  5218 | D:5      | Noticed an ice beast
  5221 | D:5      | Killed an ice beast
  5222 | D:5      | Reached XP level 7. HP: 60/60 MP: 6/6
  5250 | D:5      | Reached skill level 1 in Stealth
  5645 | D:5      | Found a snail-covered altar of Cheibriados.
  5778 | D:5      | Reached skill level 5 in Fighting
  5847 | D:5      | Noticed Ijyb
  5852 | D:5      | HP: 2/61 [Ijyb/bolt of acid (10)]
  5852 | D:5      | Splashed by Ijyb's acid

Illustrated notes

Levels and vault maps discovered:
D:1:      psy_arrival_basics, layout_loops_ring, serial_shops,
          nicolae_diamond_shop, nicolae_shop_trees, shop
D:2:      layout_loops_ring, uniq_crazy_yiuf_cottage
D:3:      layout_loops_corners, chequers_temple_overflow_statue_of_worship
D:4:      layout_cave_pools
D:5:      layout_cave_pods, cheibrodos_worm_habitat, lemuel_tele_altar,
          nicolae_overflow_crystal_walls, minmay_temple_entry_steel_oval,
          fountainhead, uniq_ijyb
Temple:   chequers_temple_sunken

Skill      XL: |  1  2  3  4  5  6  7 |
---------------+----------------------+-----
Fighting       | 3 4 5 |  5.0
Crossbows      | 5 6 |  6.5
Throwing       | 1 2 |  2.9
Armour         | 1 3 4 |  4.4
Dodging        | 3 4 |  4.0
Axes           | 1 2 |  2.1
Stealth        | 1 |  1.0
Slings         | |  0.9

Action                   |  1- 3 |  4- 6 |  7- 9 || total
-------------------------+-------+-------+-------++-------
Melee: Falchion          |       |     4 |       ||     4
       Headbutt          |       |    12 |       ||    12
       Hand axe          |       |    34 |       ||    34
       Mace              |       |     4 |       ||     4
       Hand crossbow     |       |     4 |       ||     4
 Fire: Hand crossbow     |    70 |    65 |    36 ||   171
       Hunting sling     |       |    39 |       ||    39
Throw: Dart              |       |    13 |       ||    13
  Use: Scroll            |     3 |     8 |       ||    11
Armor: Scale mail        |     8 |       |       ||     8
       Chain mail        |       |    75 |     1 ||    76
Dodge: Dodged            |     7 |    46 |     3 ||    56
       Rpst.: Falchion   |       |     1 |       ||     1
